Map: [ESL] Site Delta

Players

Harstem

  • Race: Protoss Protoss
  • Spawn Location: 11:00

ShoWTimE - Winner!

  • Race: Protoss Protoss
  • Spawn Location: 5:00

Event: ESL SC2 Masters 2023 Winter (Regional)

VOD

Have the link to the VOD?

Description

Time

  • Played on: Nov. 3, 2023, 10:07 a.m.
  • Length: 14:10

All games in this series

Show
View Real Time Build Order
Export as new Build Order

Harstem Protoss 

Build Orders: Oracle Opening 

Get SALT Encoding   

  12  0:00  Probe  
  13  0:12  Probe  
  14  0:17  Pylon  
  14  0:24  Probe  
  15  0:35  Gateway  
  15  0:36  Probe (Chrono Boost)  
  16  0:45  Probe (Chrono Boost)  
  16  0:46  Assimilator  
  17  0:51  Probe  
  17  0:54  Assimilator  
  18  1:03  Probe (Chrono Boost)  
  19  1:08  Gateway  
  20  1:12  Probe (Chrono Boost)  
  20  1:19  Probe  
  20  1:23  Cybernetics Core  
  21  1:31  Probe  
  22  1:36  Pylon  
  22  1:43  Probe  
  23  1:55  Probe  
  23  2:00  Stargate  
  24  2:02  Warp Gate  
  24  2:05  Adept  
  26  2:08  Pylon  
  28  2:18  Probe  
  30  2:40  Oracle (Chrono Boost)  
  31  2:49  Nexus  
  29  2:52  Stalker  
  31  2:59  Shield Battery  
  31  3:09  Pylon  
  31  3:14  Shield Battery  
  31  3:16  Probe  
  31  3:25  Oracle (Chrono Boost)  
  31  3:28  Probe  
  31  3:29  Stalker  
  36  3:40  Probe  
  37  3:45  Twilight Council  
  37  3:52  Probe  
  38  4:05  Probe (Chrono Boost)  
  38  4:07  Probe (Chrono Boost)  
  38  4:08  Stalker  
  42  4:16  Probe (Chrono Boost)  
  42  4:20  Probe (Chrono Boost)  
  42  4:21  Blink (Chrono Boost), Probe (Chrono Boost)  
  43  4:28  Probe  
  43  4:31  Probe  
  45  4:37  Pylon, Stalker  
  47  4:40  Probe  
  47  4:43  Probe  
  49  4:47  Stalker  
  51  4:53  Probe  
  51  5:01  Stalker  
  51  5:05  Probe  
  53  5:07  Probe  
  53  5:11  Stalker  
  56  5:17  Probe  
  56  5:19  Probe  
  58  5:21  Nexus  
  58  5:26  Stalker  
  60  5:29  Probe  
  60  5:31  Probe  
  60  5:34  Assimilator  
  62  5:38  Stalker  
  62  5:41  Probe  
  65  5:47  Pylon  
  66  5:50  Stalker  
  66  5:53  Probe  
  66  5:55  Gateway  
  69  5:59  Probe  
  69  6:01  Gateway  
  69  6:05  Probe, Stalker  
  69  6:10  Pylon  
  72  6:11  Probe  
  72  6:15  Stalker  
  72  6:18  Probe  
  76  6:23  Forge  
  76  6:25  Pylon  
  76  6:26  Probe  
  76  6:30  Adept  
  76  6:31  Probe  
  80  6:35  Probe (Chrono Boost)  
  80  6:39  Adept  
  83  6:44  Probe (Chrono Boost)  
  85  6:47  Probe (Chrono Boost)  
  85  6:49  Probe (Chrono Boost)  
  85  6:53  Stalker x3  
  92  6:54  Probe (Chrono Boost)  
  92  6:55  Protoss Ground Weapons Level 1 (Chrono Boost), Probe (Chrono Boost)  
  92  6:57  Probe (Chrono Boost)  
  92  6:59  Stalker  
  96  7:03  Probe  
  96  7:06  Charge  
  94  7:11  Probe  
  94  7:12  Probe  
  94  7:15  Pylon, Probe  
  93  7:23  Probe, Stalker x4  
  99  7:33  Probe  
  99  7:36  Gateway, Pylon  
  99  7:38  Gateway  
  99  7:45  Nexus  
  99  7:47  Probe  
  99  7:48  Probe  
  99  7:49  Probe  
  102  7:53  Dark Shrine  
  102  7:54  Assimilator  
  102  7:57  Stalker  
  104  8:00  Probe  
  104  8:03  Pylon, Stalker  
  104  8:04  Robotics Facility  
  104  8:05  Probe x2  
  109  8:10  Stalker  
  109  8:12  Probe  
  109  8:13  Pylon  
  109  8:16  Zealot  
  109  8:17  Probe  
  112  8:20  Photon Cannon  
  112  8:21  Probe  
  112  8:24  Probe  
  112  8:26  Stalker  
  116  8:31  Pylon  
  116  8:32  Zealot x2  
  120  8:36  Zealot  
  120  8:37  Probe  
  120  8:39  Pylon  
  123  8:44  Probe  
  123  8:51  Stalker x3  
  125  8:58  Probe x2  
  125  9:01  Protoss Ground Weapons Level 2 (Chrono Boost), Probe  
  128  9:04  Probe  
  128  9:07  Stalker  
  128  9:09  Dark Templar x2  
  133  9:12  Probe  
  133  9:15  Probe  
  131  9:18  Gateway  
  131  9:19  Gateway  
  131  9:23  Stalker x3  
  124  9:34  Stalker  
  124  9:36  Shield Battery  
  126  9:39  Probe  
  126  9:43  Stalker x2  
  126  9:44  Gateway  
  126  9:45  Pylon  
  131  9:47  Gateway  
  131  9:48  Shield Battery  
  131  9:49  Zealot  
  131  9:50  Zealot x2, Pylon  
  130  9:56  Probe  
  130  9:58  Stalker  
  125  10:02  Probe  
  125  10:03  Probe  
  121  10:08  Stalker x2  
  121  10:09  Probe  
  121  10:11  Probe  
  125  10:14  Probe  
  125  10:15  Dark Templar  
  125  10:16  Zealot x3  
  125  10:17  Zealot  
  136  10:22  Stalker  
  136  10:23  Probe (Chrono Boost)  
  136  10:24  Probe (Chrono Boost)  
  133  10:29  Probe (Chrono Boost)  
  133  10:32  Zealot, Stalker  
  133  10:34  Probe (Chrono Boost)  
  133  10:35  Probe (Chrono Boost)  
  138  10:36  Shadow Stride (Chrono Boost)  
  138  10:42  Photon Cannon  
  138  10:50  Zealot  
  138  10:52  Probe  
  138  10:53  Zealot x3  
  138  10:56  Observer (Chrono Boost)  
  148  11:00  Photon Cannon  
  148  11:01  Dark Templar  
  148  11:03  Nexus  
  150  11:06  Probe  
  150  11:08  Protoss Ground Weapons Level 3 (Chrono Boost)  
  151  11:12  Zealot x4  
  151  11:18  Probe x2  
  160  11:19  Probe  
  160  11:20  Dark Templar, Assimilator  
  160  11:22  Pylon  
  164  11:26  Photon Cannon  
  164  11:29  Probe  
  164  11:31  Probe  
  166  11:34  Shield Battery  
  166  11:42  Dark Templar, Zealot x3  
  166  11:43  Zealot x3  
  166  11:44  Shield Battery  
  178  11:48  Probe  
  179  11:55  Pylon x2  
  175  12:05  Probe  
  175  12:07  Pylon  
  170  12:10  Stalker  
  168  12:16  Stalker x6  
  168  12:17  Stalker x2  
  182  12:23  Zealot  
  182  12:28  Probe  
  171  12:30  Nexus  
  171  12:35  Zealot  
  174  12:37  Probe  
  174  12:39  Probe  
  174  12:40  Probe, Pylon  
  174  12:43  Zealot, Stalker x4  
  184  12:46  Photon Cannon  
  184  12:50  Stalker x3  
  190  12:56  Pylon  
  190  12:57  Pylon  
  190  13:02  Stalker x2  
  186  13:07  Stalker x4  
  186  13:11  Zealot, Probe  
  162  13:20  Dark Templar  
  162  13:21  Probe  
  162  13:26  Probe  
  166  13:32  Stalker x2  
  166  13:33  Nexus  
  160  13:34  Dark Templar  
  160  13:35  Pylon  
  156  13:42  Zealot x3  
  160  13:56  Probe  
  160  13:57  Dark Templar  
  160  13:58  Zealot x2, Pylon  
  160  14:01  Photon Cannon  
Show
View Real Time Build Order
Export as new Build Order

ShoWTimE Protoss - Winner!

Build Orders: Oracle Opening, Phoenix Opening 

Get SALT Encoding   

  12  0:00  Probe  
  13  0:12  Probe  
  14  0:17  Pylon  
  14  0:24  Probe (Chrono Boost)  
  15  0:36  Gateway, Probe (Chrono Boost)  
  16  0:44  Probe (Chrono Boost)  
  16  0:48  Assimilator  
  17  0:50  Probe  
  17  0:54  Assimilator  
  18  1:03  Probe (Chrono Boost)  
  19  1:08  Gateway  
  19  1:13  Probe (Chrono Boost)  
  19  1:18  Probe (Chrono Boost)  
  20  1:23  Cybernetics Core  
  21  1:29  Probe  
  22  1:33  Pylon  
  22  1:41  Probe  
  23  1:53  Probe  
  24  1:59  Adept x2  
  28  2:05  Stargate  
  28  2:10  Probe  
  28  2:12  Warp Gate  
  29  2:18  Pylon  
  29  2:29  Stalker  
  31  2:36  Probe  
  31  2:44  Shield Battery  
  31  2:48  Phoenix (Chrono Boost)  
  31  2:50  Probe  
  34  3:12  Nexus  
  34  3:15  Probe  
  35  3:22  Oracle (Chrono Boost)  
  38  3:31  Probe  
  35  3:43  Probe  
  35  3:48  Pylon  
  36  3:52  Twilight Council  
  36  3:55  Probe  
  37  4:03  Stalker  
  37  4:08  Stalker, Probe  
  44  4:20  Probe  
  44  4:21  Blink (Chrono Boost)  
  43  4:27  Probe  
  43  4:30  Stalker  
  46  4:32  Stalker  
  46  4:36  Probe  
  49  4:41  Probe  
  50  4:48  Probe  
  51  4:53  Stalker, Probe  
  52  5:00  Probe  
  52  5:01  Stalker  
  52  5:05  Pylon, Probe  
  56  5:12  Probe  
  57  5:17  Probe  
  57  5:24  Probe, Stalker x2  
  62  5:30  Probe  
  63  5:36  Probe  
  63  5:41  Nexus  
  63  5:42  Pylon  
  64  5:47  Probe  
  64  5:49  Assimilator, Probe  
  66  5:55  Stalker x2  
  70  6:00  Probe  
  70  6:01  Pylon, Probe  
  70  6:03  Shield Battery  
  72  6:09  Gateway  
  72  6:12  Probe  
  72  6:13  Probe  
  72  6:16  Forge  
  74  6:21  Stalker  
  74  6:23  Stalker  
  74  6:24  Probe  
  79  6:28  Shield Battery  
  79  6:29  Probe  
  80  6:34  Pylon  
  80  6:36  Probe (Chrono Boost)  
  81  6:41  Probe (Chrono Boost)  
  81  6:45  Protoss Ground Weapons Level 1 (Chrono Boost), Stalker  
  84  6:48  Probe (Chrono Boost)  
  84  6:53  Stalker, Probe (Chrono Boost)  
  88  6:56  Probe (Chrono Boost)  
  88  6:58  Probe x2 (Chrono Boost)  
  91  7:02  Probe  
  91  7:07  Probe  
  91  7:16  Stalker x2  
  91  7:19  Stalker  
  91  7:21  Probe  
  94  7:25  Probe x2  
  96  7:32  Gateway x2  
  96  7:33  Robotics Facility, Probe  
  96  7:34  Gateway  
  96  7:35  Assimilator, Pylon  
  97  7:40  Stalker x2  
  101  7:44  Pylon  
  101  7:53  Probe x3  
  101  7:57  Gateway  
  104  8:00  Gateway  
  104  8:03  Pylon  
  104  8:08  Stalker x3  
  104  8:10  Pylon  
  110  8:18  Nexus  
  110  8:23  Observer  
  110  8:24  Probe x2  
  110  8:25  Probe  
  114  8:28  Pylon  
  114  8:31  Shield Battery  
  114  8:32  Pylon  
  114  8:34  Stalker x2  
  114  8:36  Charge (Chrono Boost)  
  118  8:43  Protoss Ground Weapons Level 2 (Chrono Boost), Probe x2  
  118  8:45  Pylon  
  120  8:55  Stalker x4  
  122  8:59  Stalker  
  130  9:04  Shield Battery  
  130  9:09  Photon Cannon  
  128  9:17  Stalker x3  
  128  9:22  Probe  
  128  9:23  Probe x2  
  137  9:32  Stalker x3  
  137  9:33  Stalker  
  137  9:34  Probe  
  137  9:35  Probe x2  
  148  9:38  Pylon  
  148  9:42  Observer, Photon Cannon  
  147  9:46  Stalker x2  
  147  9:50  Stalker  
  140  10:01  Probe  
  130  10:09  Pylon  
  130  10:13  Probe (Chrono Boost)  
  131  10:14  Photon Cannon  
  131  10:15  Probe (Chrono Boost)  
  131  10:17  Probe (Chrono Boost)  
  134  10:23  Probe (Chrono Boost)  
  134  10:24  Probe (Chrono Boost)  
  134  10:26  Probe x2 (Chrono Boost)  
  137  10:29  Probe (Chrono Boost)  
  137  10:30  Probe (Chrono Boost)  
  137  10:31  Stalker x3  
  137  10:32  Stalker x4  
  150  10:35  Pylon  
  150  10:40  Photon Cannon  
  150  10:41  Probe x2  
  150  10:42  Stalker  
  154  10:49  Protoss Ground Weapons Level 3 (Chrono Boost)  
  154  10:51  Observer (Chrono Boost)  
  154  10:55  Pylon  
  154  10:57  Zealot x7  
  169  11:12  Nexus  
  169  11:17  Photon Cannon  
  169  11:18  Photon Cannon  
  169  11:19  Shield Battery  
  169  11:20  Zealot x3  
  169  11:23  Observer  
  176  11:28  Zealot x3  
  176  11:29  Zealot  
  182  11:42  Stalker x4  
  189  11:48  Stalker  
  189  11:49  Stalker x3  
  196  12:00  Probe x2  
  196  12:02  Probe x2  
  196  12:05  Gateway  
  196  12:07  Gateway, Stalker  
  196  12:14  Observer, Photon Cannon, Probe  
  196  12:16  Photon Cannon  
  196  12:19  Photon Cannon  
  196  12:21  Photon Cannon  
  185  12:31  Stalker x7  
  185  12:35  Photon Cannon  
  197  12:39  Photon Cannon  
  197  12:40  Photon Cannon  
  197  12:42  Pylon  
  197  12:46  Stalker  
  195  13:08  Nexus  
  195  13:11  Stalker x7  
  199  13:19  Observer x2  
  189  13:23  Pylon  
  189  13:26  Gateway  
  187  13:29  Stalker  
  187  13:32  Gateway  
  183  13:35  Gateway  
  183  13:37  Pylon  
  181  13:45  Zealot x6  
  181  13:46  Observer (Chrono Boost)  
  194  13:53  Stalker x2  
Tags
 
Add a new tag
Caveats
  • Supply blocks, unpowered buildings, or Contaminate may cause inaccurate times.
  • Supply counts are checked every 10 seconds.